 Dungeon Crawl Stone Soup version 0.20.0-15-g7f486f2 (webtiles) character file.

74 vishdafish the Shield-Bearer (level 4, -5/29 HPs)
             Began as a Gargoyle Fighter on June 23, 2017.
             Slain by Crazy Yiuf
             ... wielding a +4 quarterstaff of chaos
              (9 damage)
             ... on level 2 of the Dungeon.
             The game lasted 00:02:55 (1309 turns).

vishdafish the Shield-Bearer (Gargoyle Fighter)     Turns: 1309, Time: 00:02:56

Health: -5/29      AC:  0    Str: 20    XL:     4   Next: 30%
Magic:  0/4        EV: 18    Int:  9    God:
Gold:   66         SH:  0    Dex: 14    Spells: 3/3 levels left

rFire    . . .     SeeInvis .   (weapon currently unavailable)
rCold    . . .     Gourm    .   (shield currently unavailable)
rNeg     + . .     Faith    .   (armour currently unavailable)
rPois    ∞         Spirit   +   (helmet currently unavailable)
rElec    .         Reflect  .   (cloak currently unavailable)
rCorr    .         Harm     .   (gloves currently unavailable)
MR       .....                  (boots currently unavailable)
Stlth    ++........             l - amulet of guardian spirit
Regen    0.1/turn               (ring currently unavailable)
MPRegen  0.1/turn               (ring currently unavailable)

@: agile, pig-form, very quick
A: negative energy resistance 1, petrification resistance, rot immunity, AC +3
a: no special abilities


You were on level 2 of the Dungeon.
You were not hungry.
You were a filthy swine.
You visited 1 branch of the dungeon, and saw 2 of its levels.

You collected 66 gold pieces.

Inventory:

Hand Weapons
 a - a +0 flail (melded)
Armour
 b - a +0 scale mail
 k - a +2 shield (melded)
 q - a +1 ring mail of positive energy (melded)
Jewellery
 l - an amulet of guardian spirit (around neck)
Wands
 o - a wand of flame (0/48)
Scrolls
 c - a scroll of magic mapping {unknown}
 e - a scroll of fear {unknown}
 g - 2 scrolls of identify {unknown}
 i - a scroll of random uselessness {unknown}
 j - a scroll of remove curse {unknown}
 p - 2 scrolls of blinking {unknown}
Potions
 d - 2 potions of might
 h - a potion of curing {unknown}
 m - a potion of agility
 r - a potion of haste {unknown}
 s - a potion of mutation {unknown}
Comestibles
 n - 6 fruits


   Skills:
 + Level 3.7 Fighting
 + Level 2.6 Maces & Flails
 + Level 4.0 Armour
 + Level 0.2 Dodging
 + Level 4.1 Shields


You had 3 spell levels left.
You didn't know any spells.

Dungeon Overview and Level Annotations

Branches:
Dungeon (2/15)

Altars:

Annotations:
D:2 Crazy Yiuf


Innate Abilities, Weirdness & Mutations

You are resistant to torment.
((Your stone body is resilient. (AC +3)))
You are immune to poison.
You resist negative energy. (rN+)
((You are resistant to electric shocks. (rElec)))
((You can survive without breathing.))
You are immune to petrification.
You are immune to rotting.


Message History

Crazy Yiuf cries, "Leather!"
Crazy Yiuf hits you but does no damage.
You turn into a filthy swine.
Your +0 flail melds into your body.
Your +2 shield melds into your body.
Your +1 ring mail of positive energy melds into your body.
You feel less protected from negative energy.
You barely miss Crazy Yiuf.
Crazy Yiuf is heavily wounded.
Crazy Yiuf hits you with a quarterstaff of chaos!
* * * LOW HITPOINT WARNING * * *
You blink.
It was a potion of agility.
You feel agile all of a sudden. Crazy Yiuf misses you.
You closely miss Crazy Yiuf.
Crazy Yiuf is moderately wounded.
Crazy Yiuf barely misses you.
You hit Crazy Yiuf.
Crazy Yiuf is heavily wounded.
Crazy Yiuf hits you with a quarterstaff of chaos!
You die...

###### #######.....
########.#...#..###
#...##..#.......#
#.hg'.####......#
#)..### ##..#.##
##### ######


You could see Crazy Yiuf.

Vanquished Creatures
  Terence (D:2)
  An adder (D:2)
  A worm (D:2)
  4 giant cockroaches (D:1)
  5 goblins
  3 hobgoblins
  5 kobolds
  A ball python (D:1)
  9 bats
  2 frilled lizards (D:1)
  6 rats
38 creatures vanquished.

Notes
Turn   | Place    | Note
-------+----------+-------------------------------------------
     0 | D:1      | vishdafish the Gargoyle Fighter began the quest for the Orb.
     0 | D:1      | Reached XP level 1. HP: 14/14 MP: 1/1
    84 | D:1      | Reached XP level 2. HP: 18/19 MP: 2/2
   317 | D:1      | You fall through a shaft!
   467 | D:1      | Reached XP level 3. HP: 23/23 MP: 3/3
   918 | D:2      | Noticed Terence
   945 | D:2      | Killed Terence
  1101 | D:2      | Reached XP level 4. HP: 29/29 MP: 4/4
  1283 | D:2      | Found a runed door.
  1288 | D:2      | Noticed Crazy Yiuf
  1309 | D:2      | Slain by Crazy Yiuf

Skill      XL: |  1  2  3  4 |
---------------+-------------+-----
Shields        | 4 |  4.1
Armour         | 4 |  4.0
Fighting       | |  3.7
Maces & Flails | |  2.6
Dodging        | |  0.2

Action                   |  1- 3 |  4- 6 || total
-------------------------+-------+-------++-------
Melee: Flail             |   102 |    63 ||   165
       Unarmed           |       |     3 ||     3
  Use: Potion            |     1 |     1 ||     2
  Eat: Bread ration      |       |     1 ||     1
       Chunk             |       |     1 ||     1
Armor: Scale mail        |    55 |       ||    55
       Ring mail         |       |    21 ||    21
Dodge: Dodged            |    30 |    27 ||    57
Block: Shield            |    53 |    28 ||    81
